 Dungeon Crawl Stone Soup version 0.27.1 (webtiles) character file.

Game seed: 12880208708525346454

190995 Rrauwl the Acrobat (level 18, -1/101 HPs)
             Began as a Kobold Hunter on Aug 20, 2021.
             Was the Champion of Okawaru.
             Constricted to death by Jorgrun (8 damage)
             ... on level 3 of the Shoals on Aug 21, 2021.
             The game lasted 02:57:27 (34189 turns).

Rrauwl the Acrobat (Kobold Hunter)                 Turns: 34189, Time: 02:57:28

Health: -1/101     AC: 25    Str: 19      XL:     18   Next: 85%
Magic:  31/31      EV: 36    Int: 16      God:    Okawaru [******]
Gold:   3433       SH:  0    Dex: 22 (25) Spells: 28/31 levels left

rFire    . . .     SeeInvis .   a - +8 arbalest (vorpal)
rCold    + . .     Faith    .   (shield currently unavailable)
rNeg     . . .     Spirit   .   E - +5 steam dragon scales
rPois    +         Reflect  .   t - +2 helmet
rElec    .         Harm     .   P - +1 cloak {Stlth+}
rCorr    .         Rampage  .   r - +2 pair of gloves {Str+3}
Will     +....                  D - +0 pair of boots "Maeddiux" {rPois rC+ Dex+4}
Stlth    +++++++++.             i - amulet of regeneration
HPRegen  1.26/turn              n - +4 ring of protection
MPRegen  0.22/turn              F - +4 ring of slaying

@: heroic, grasped by roots, constricted
A: small, no large weapons, nightstalker 3, claws 1, thin skeletal structure 1,
clever 1, deterioration 1, high mp 1, sense surroundings 1, screaming 1, strong
2, evolution 2, no potion heal 1
}: 1/15 runes: gossamer
a: Renounce Religion, Heroism, Finesse


You were on level 3 of the Shoals.
You worshipped Okawaru.
Okawaru was exalted by your worship.
You visited 7 branches of the dungeon, and saw 31 of its levels.
You also visited: Gauntlet.

You collected 3688 gold pieces.
You spent 255 gold pieces at shops.

Inventory:

Hand Weapons
 a - a +8 vorpal arbalest (weapon)
 b - a +2 quick blade
 h - the +5 short sword of Equivalence {vorpal, +Blink rN+ rCorr}
   (You found it on level 2 of the Spider Nest)

   It inflicts extra damage upon your enemies.
   rN:        It protects you from negative energy.
   +Blink:    It lets you blink.
   rCorr:     It protects you from acid and corrosion.
Missiles
 l - 4 throwing nets
 o - 2 boomerangs of dispersal
 p - 208 bolts (quivered ammo)
Armour
 r - a +2 pair of gloves of strength (worn)
 t - a +2 helmet (worn)
 D - the +0 pair of boots "Maeddiux" (worn) {rPois rC+ Dex+4}
   (Okawaru gifted it to you on level 11 of the Dungeon)

   Dex:       It affects your dexterity (+4).
   rC:        It protects you from cold.
   rPois:     It protects you from poison.
 E - +5 steam dragon scales (worn)
 P - a +1 cloak of stealth (worn)
Jewellery
 c - a ring of protection from fire
 i - an amulet of regeneration (around neck)
 k - a ring of willpower
 n - a +4 ring of protection (left hand)
 u - a ring of positive energy
 y - a ring of protection from fire
 F - a +4 ring of slaying (right hand)
 G - the ring "Laestok" {Fire *Corrode Str+6 Int+3 SInv}
   (You found it in a Gauntlet)

   [ring of fire]

   It enhances your fire magic.
   Str:       It affects your strength (+6).
   Int:       It affects your intelligence (+3).
   rF:        It protects you from fire.
   rC:        It makes you vulnerable to cold.
   SInv:      It lets you see invisible.
   *Corrode:  It may corrode you when you take damage.
Wands
 d - a wand of paralysis (17)
 f - a wand of polymorph (42)
 m - a wand of iceblast (10)
 A - a wand of charming (20)
 M - a wand of mindburst (27)
 N - a wand of flame (54)
Scrolls
 e - 3 scrolls of holy word
 g - 17 scrolls of identify
 q - a scroll of silence
 s - 5 scrolls of teleportation
 v - a scroll of blinking
 H - a scroll of amnesia
 I - 2 scrolls of fog
Potions
 j - 9 potions of curing
 w - 3 potions of lignification
 x - 3 potions of flight
 B - 6 potions of ambrosia
 C - a potion of might
Miscellaneous
 K - a tin of tremorstones (2/2)


   Skills:
 - Level 7.0(12.0) Fighting
 - Level 10.0(15.0) Short Blades
 - Level 18.0(23.0) Crossbows
 - Level 2.0(7.0) Armour
 + Level 22.3(27) Dodging
 + Level 8.4(13.4) Stealth
 - Level 5.0(10.0) Shields
 - Level 7.0 Spellcasting
 - Level 7.0 Hexes
 - Level 7.0 Translocations
 + Level 7.5 Invocations
 + Level 7.8 Evocations


You had 28 spell levels left.
You knew the following spells:

 Your Spells              Type           Power      Damage    Failure   Level
a - Portal Projectile     Hex/Tloc       56%        N/A       1%          3

Your spell library contained the following spells:

 Spells                   Type           Power      Damage    Failure   Level
 Ensorcelled Hibernation  Hex/Ice        32%        N/A       4%          2
 Shock                    Conj/Air       20%        1d4       12%         1
 Corpse Rot               Necr/Air       N/A        N/A       19%         2
 Poisonous Vapours        Pois/Air       10%        N/A       19%         2
 Sublimation of Blood     Necr           2%         N/A       19%         2
 Wereblood                Tmut           5%         N/A       19%         2
 Leda's Liquefaction      Hex/Erth       8%         N/A       28%         4
 Call Canine Familiar     Summ           5%         N/A       36%         3
 Frozen Ramparts          Ice            10%        1d3       36%         3
 Spider Form              Tmut/Pois      2%         N/A       36%         3
 Swiftness                Air            5%         N/A       36%         3
 Silence                  Hex/Air        8%         N/A       63%         5
 Airstrike                Air            2%         N/A       77%         4
 Animate Armour           Summ/Erth      10%        N/A       77%         4
 Animate Dead             Necr           2%         N/A       77%         4
 Dispel Undead            Necr           5%         3d7       77%         4
 Hailstorm                Conj/Ice       5%         3d4       77%         4
 Ice Form                 Ice/Tmut       5%         N/A       77%         4
 Petrify                  Tmut/Erth      5%         N/A       77%         4
 Summon Ice Beast         Ice/Summ       5%         N/A       77%         4
 Blade Hands              Tmut           2%         N/A       98%         5
 Borgnjor's Vile Clutch   Necr/Erth      2%         N/A       98%         5
 Freezing Cloud           Conj/Ice/Air   2%         6-21      98%         5
 Death Channel            Necr           2%         N/A       100%        6
 Iron Shot                Conj/Erth      2%         9d2       100%        6
 Simulacrum               Ice/Necr       2%         N/A       100%        6
 Haunt                    Necr/Summ      2%         N/A       100%        7
 Storm Form               Tmut/Air       2%         N/A       100%        7
 Summon Hydra             Summ           2%         N/A       100%        7
 Infestation              Necr           2%         N/A       100%        8


Dungeon Overview and Level Annotations

Branches:
Dungeon (14/15)            Temple (1/1) D:6            Lair (6/6) D:9
 Shoals (3/4) Lair:3       Spider (4/4) Lair:2        Slime (1/5) Lair:6
    Orc (2/2) D:10            Elf (0/3) Orc:2        Vaults (0/5) D:13
Gauntlet (visited)

Altars:
Ashenzari
Cheibriados
Dithmenos
Elyvilon
Fedhas
Gozag
Hepliaklqana
Kikubaaqudgha
Makhleb
Nemelex Xobeh
Okawaru
Qazlal
Ru
Sif Muna
Trog
Uskayaw
Vehumet
Wu Jian
Xom
Yredelemnul
Zin
The Shining One
Beogh
Lugonu

Shops:
Orc:2 [(([

Portals:
Abyss: Lair:6
Trove: D:10 (give 5 scrolls of blinking)

Annotations:
D:10 Fannar
D:12 3 runed translucent doors, exclusion: obsidian statue, Name63's ghost, journeyman FoBr
Shoals:3 Jorgrun


Innate Abilities, Weirdness & Mutations

You are small and have problems with some larger weapons.
You are completely attuned to the shadows.
You have sharp fingernails.
You have a somewhat thin skeletal structure. (Dex +2, Stealth+)
Your mind is acute. (Int +2)
Your body sometimes deteriorates upon taking damage.
You have an increased reservoir of magic. (+10% MP)
You passively map a small area around you.
You occasionally shout uncontrollably at your foes.
Your muscles are very strong. (Str +4)
You rapidly evolve.
Potions are less effective at restoring your health.


Message History

Jorgrun says, "'tis place shall be yer tomb!"
Jorgrun gestures at you while chanting.
Roots burst forth from the earth!
The grasping roots grab you! The grasping roots constrict you!!
* * * LOW HITPOINT WARNING * * *
The harpy claws you. The harpy claws you but does no damage.
The harpy claws you. The harpy claws you but does no damage.
Jorgrun hits you but does no damage. The grasping roots constrict you!
* * * LOW HITPOINT WARNING * * *
The harpy claws you.
* * * LOW HITPOINT WARNING * * *
The harpy claws you but does no damage. Jorgrun hits you but does no damage.
The grasping roots constrict you!
* * * LOW HITPOINT WARNING * * *
The harpy claws you but does no damage. x4
Jorgrun points at you and mumbles some strange words.
You resist with significant effort. The grasping roots constrict you!
* * * LOW HITPOINT WARNING * * *
You turn to flesh and can move again.
Unknown command.
Your system partially rejects the healing.
You feel much better.
The harpy screeches!
The harpy claws you!
* * * LOW HITPOINT WARNING * * *
The harpy completely misses you.
Jorgrun mutters some incantations to himself.
Jorgrun hits you with a staff of earth.
* * * LOW HITPOINT WARNING * * *
The grasping roots constrict you.
* * * LOW HITPOINT WARNING * * *
Your system partially rejects the healing.
You feel much better. The harpy completely misses you. x2
The harpy claws you but does no damage. x2
Jorgrun says, "Yer just na down-ta-earth enough."
Jorgrun hits you but does no damage. Jorgrun shatters you!
* * * LOW HITPOINT WARNING * * *
The grasping roots constrict you!
You die...

≈≈≈≈≈≈≈≈≈≈≈≈≈≈≈≈≈≈≈
≈≈≈≈≈≈≈≈≈≈≈≈≈≈≈≈≈≈
≈≈≈P≈≈..(.≈≈≈≈≈≈≈≈
≈≈≈≈P......≈≈.≈≈≈≈≈,≈
≈≈≈≈≈≈..##.(≈≈≈≈≈≈ ≈
≈≈≈≈≈≈P..P.##).≈≈≈≈≈≈≈,,,
≈≈≈≈≈≈........≈≈≈≈≈≈ * ≈
≈≈≈≈≈P...g##.≈≈≈..* ,
P≈PP≈≈..@##.≈≈... * , ≈ ≈
≈≈≈P≈≈PH...≈≈...,
≈≈≈≈P≈P≈≈≈..≈≈.. ,
≈≈≈P≈P≈≈≈..≈≈......
≈≈≈≈≈≈≈≈†≈≈≈≈≈..≈≈ ≈
≈≈≈≈≈≈.≈≈≈≈≈≈...≈ ≈ ≈
≈≈≈≈....###....., ≈
≈≈.....##.#... ≈, ≈
≈≈≈≈≈......#.. ≈


You could see Jorgrun and a harpy.

Vanquished Creatures
  Arachne (Spider:2)
  Rupert (D:14)
  Frances (Shoals:1)
  Kirke (D:14)
  3 rockslimes (Lair:6)
  5 ghost moths (Spider:4)
  An orc warlord (Orc:1)
  3 emperor scorpions (Spider:4)
  4 entropy weavers
  A minotaur (Gauntlet)
  4 spark wasps
  A merfolk javelineer (Shoals:2)
  2 merfolk impalers
  A fire dragon (Lair:6)
  6 hydras
  A catoblepas (Lair:6)
  4 merfolk avatars
  2 death knights
  3 boulder beetles
  3 two-headed ogres
  A merfolk aquamancer (Shoals:1)
  3 centaur warriors (D:13)
  3 thrashing horrors (Lair:6)
  5 orc high priests (Orc:2)
  A wretched star (Gauntlet)
  A skeletal warrior (D:13)
  6 sea snakes
  A deep elf archer (D:13)
  The ghost of gareppa the Chopper, a novice GrFi (D:6)
  A wizard (D:14)
  2 lindwurms
  7 harpies
  18 orb spiders
  2 orc sorcerers
  A deep elf pyromancer (D:13)
  10 orc knights
  18 wolf spiders
  A shining eye (Lair:6)
  3 oklob plants (Lair:6)
  13 manticores
  A deep elf zephyrmancer (D:13)
  3 ugly things
  12 elephants
  A moth of wrath (Spider:2)
  3 cyclopes
  4 centaur zombies
  A black mamba (shapeshifter) (D:13)
  A smoke demon (Lair:6)
  A water nymph (Shoals:2)
  3 torpor snails
  4 merfolk sirens
  3 black mambas
  A gargoyle (D:12)
  8 cane toads
  10 centaur skeletons
  2 kobold demonologists (D:12)
  8 demonic crawlers
  7 rime drakes
  2 freezing wraiths (D:11)
  An unseen horror (D:12)
  10 komodo dragons
  2 ancient zymes (Lair:6)
  A hellwing (D:7)
  14 merfolk
  2 meliai (D:14)
  A polar bear (Lair:6)
  22 jumping spiders
  A meliai (shapeshifter) (Lair:6)
  A troll (shapeshifter) (Lair:6)
  5 trolls
  7 hornets
  14 slime creatures
  3 wind drakes (Shoals:1)
  39 blink frogs
  2 raiju (shapeshifter)
  7 snapping turtles
  8 dream sheep
  A meliai zombie (D:11)
  2 large abominations (Lair:6)
  A shadow (D:12)
  Sigmund (D:5)
  23 tarantellas
  7 small abominations
  A ynoxinul (Lair:6)
  44 redbacks
  6 wraiths
  A spriggan (Lair:6)
  6 basilisks
  45 yaks
  3 fire bats (Lair:2)
  10 water elementals
  A hog (D:14)
  3 wyverns
  4 neqoxecs (Gauntlet)
  19 steam dragons
  6 vampire mosquitoes
  6 chaos spawn
  7 wargs
  2 acid dragons
  10 water moccasins
  4 ice beasts
  34 orc warriors
  A sky beast (D:8)
  3 black bears
  5 ogres
  4 wolves (Lair:2)
  10 centaurs
  A phantom (D:6)
  A kobold brigand (D:7)
  2 gnoll sergeants
  13 bullfrogs
  A water moccasin zombie (D:6)
  4 killer bees (D:14)
  18 wights
  4 howler monkeys
  8 electric eels
  A bullfrog zombie (D:5)
  2 hounds (D:4)
  35 orc priests
  5 iguanas
  Ijyb (D:5)
  19 orc wizards
  36 gnolls
  5 adders
  5 shadow imps (D:7)
  A worm (D:2)
  4 dart slugs
  90 orcs
  4 bats
  4 endoplasms
  2 giant cockroaches
  3 goblins (D:1)
  5 hobgoblins
  10 jackals (D:4)
  4 quokkas
  5 ball pythons
  3 frilled lizards
  13 kobolds
  A rat (D:6)
941 creatures vanquished.

Vanquished Creatures (collateral kills)
  An orb spider (Spider:1)
  A wolf spider (Spider:1)
  A redback (Spider:1)
3 creatures vanquished.

Vanquished Creatures (others)
  A harpy (Shoals:1)
  A wolf spider (Spider:1)
  A demonic crawler (Spider:4)
  A human (D:14)
  A shadow imp (D:7)
  2 orcs
  51 fungi
  94 plants
  3 withered plants
155 creatures vanquished.

Grand Total: 1099 creatures vanquished

Notes
Turn   | Place    | Note
-------+----------+-------------------------------------------
     0 | D:1      | Rrauwl the Kobold Hunter began the quest for the Orb.
     0 | D:1      | Reached XP level 1. HP: 12/12 MP: 1/1
   323 | D:1      | Reached XP level 2. HP: 15/18 MP: 2/2
   392 | D:1      | Reached skill level 5 in Crossbows
   875 | D:1      | Found a faded altar of an unknown god.
   922 | D:1      | Reached XP level 3. HP: 22/22 MP: 3/3
  1769 | D:2      | Identified a scroll of acquirement
  1769 | D:2      | Acquired 1117 gold pieces
  2531 | D:3      | Reached skill level 3 in Dodging
  2542 | D:3      | Reached skill level 1 in Armour
  2542 | D:3      | Reached XP level 4. HP: 18/27 MP: 4/4
  2658 | D:3      | Reached XP level 5. HP: 27/32 MP: 5/5
  3028 | D:3      | Found a hide-covered altar of Uskayaw.
  3142 | D:4      | Found a bloodstained altar of Trog.
  3142 | D:4      | Found an iron altar of Okawaru.
  3153 | D:4      | Became a worshipper of Warmaster Okawaru
  3220 | D:4      | Reached XP level 6. HP: 37/37 MP: 6/6
  3282 | D:4      | Found an opulent altar of Gozag.
  3298 | D:4      | Noticed an ogre
  3339 | D:4      | Killed an ogre
  3340 | D:4      | Reached skill level 4 in Dodging
  3427 | D:4      | Reached XP level 7. HP: 15/41 MP: 7/7
  3466 | D:4      | Reached skill level 5 in Dodging
  3477 | D:4      | Reached * piety under Okawaru
  3972 | D:4      | Found a glowing golden altar of the Shining One.
  4045 | D:4      | Reached skill level 6 in Dodging
  4099 | D:4      | Reached XP level 8. HP: 40/46 MP: 8/8
  4323 | D:4      | Reached ** piety under Okawaru
  4324 | D:4      | Reached skill level 7 in Dodging
  4742 | D:5      | Entered Level 5 of the Dungeon
  4818 | D:5      | Noticed Sigmund
  4859 | D:5      | Killed Sigmund
  4961 | D:5      | Noticed Ijyb
  4970 | D:5      | Killed Ijyb
  4971 | D:5      | Reached skill level 8 in Dodging
  5363 | D:6      | Reached skill level 1 in Invocations
  5363 | D:6      | Reached skill level 1 in Evocations
  5364 | D:6      | Reached XP level 9. HP: 50/50 MP: 9/9
  5760 | D:6      | Found a staircase to the Ecumenical Temple.
  5767 | Temple   | Entered the Ecumenical Temple
  5931 | D:6      | Reached skill level 1 in Short Blades
  6129 | D:6      | HP: 2/50 [something] (10)]
  6267 | D:6      | Found a runed translucent door.
  6411 | D:6      | Reached *** piety under Okawaru
  6712 | D:6      | Found a runed translucent door.
  6902 | D:6      | Reached skill level 10 in Crossbows
  6902 | D:6      | Reached skill level 9 in Dodging
  7061 | D:6      | Noticed gareppa's ghost (novice GrFi)
  7075 | D:6      | Killed gareppa's ghost
  7159 | D:7      | Received a gift from Okawaru
  7160 | D:7      | Reached skill level 10 in Dodging
  7160 | D:7      | Reached XP level 10. HP: 56/56 MP: 11/11
  7448 | D:7      | Learned a level 3 spell: Portal Projectile
  7478 | D:7      | Acquired a +3 vorpal arbalest
  7524 | D:7      | Reached skill level 1 in Spellcasting
  7524 | D:7      | Reached skill level 1 in Hexes
  7524 | D:7      | Reached skill level 1 in Translocations
  7576 | D:7      | Reached **** piety under Okawaru
  7660 | D:7      | Received a gift from Okawaru
  7707 | D:7      | Reached skill level 11 in Dodging
  7755 | D:7      | Received a gift from Okawaru
  7756 | D:7      | Reached XP level 11. HP: 58/60 MP: 14/14
  7912 | D:7      | Found a sparkling altar of Nemelex Xobeh.
  8921 | D:8      | Found a shadowy altar of Dithmenos.
  9033 | D:8      | Reached ***** piety under Okawaru
  9455 | D:9      | Noticed a two-headed ogre
  9581 | D:9      | Found a staircase to the Lair.
 10069 | D:9      | Received a gift from Okawaru
 10366 | D:9      | Killed a two-headed ogre
 10367 | D:9      | Reached skill level 10 in Short Blades
 10367 | D:9      | Reached skill level 12 in Dodging
 10367 | D:9      | Reached skill level 1 in Shields
 10646 | D:10     | Entered Level 10 of the Dungeon
 10828 | D:10     | Found a portal to a secret trove of treasure.
 10900 | D:10     | Paralysed by a hornet for 2 turns
 10914 | D:10     | Paralysed by a hornet for 2 turns
 10925 | D:10     | Received a gift from Okawaru
 11123 | D:10     | Reached XP level 12. HP: 48/64 MP: 16/16
 11169 | D:10     | Received a gift from Okawaru
 11313 | D:10     | Found a glowing silver altar of Zin.
 11378 | D:10     | Noticed a two-headed ogre
 11386 | D:10     | Found a staircase to the Orcish Mines.
 11447 | D:10     | Found a hazy altar of Hepliaklqana.
 11536 | D:10     | Noticed an eight-headed hydra
 11543 | D:10     | Killed an eight-headed hydra
 11574 | D:10     | Noticed Fannar
 11676 | Lair:1   | Entered Level 1 of the Lair of Beasts
 12223 | Lair:1   | Received a gift from Okawaru
 12733 | Lair:2   | Noticed a six-headed hydra
 12779 | Lair:2   | Found a hole to the Spider Nest.
 12830 | Lair:2   | Reached skill level 13 in Dodging
 13108 | Lair:2   | Received a gift from Okawaru
 13702 | Lair:2   | Received a gift from Okawaru
 13714 | Lair:2   | Killed a six-headed hydra
 13715 | Lair:2   | Reached XP level 13. HP: 50/68 MP: 15/17
 13789 | Lair:2   | Received a gift from Okawaru
 13841 | Lair:2   | Noticed an eight-headed hydra
 14807 | D:11     | Reached skill level 5 in Shields
 14863 | D:11     | Received a gift from Okawaru
 14952 | D:11     | Reached skill level 5 in Stealth
 15234 | D:11     | Identified the +0 pair of boots "Maeddiux" {rPois rC+
                  | Dex+4} (Okawaru gifted it to you on level 11 of the
                  | Dungeon)
 15234 | D:11     | Received a gift from Okawaru
 15892 | D:12     | Reached skill level 5 in Hexes
 15969 | D:12     | Reached skill level 5 in Translocations
 16022 | D:12     | Found a gate leading to a gauntlet.
 16033 | Gauntlet | Entered a Gauntlet
 16040 | Gauntlet | Found a transporter.
 16089 | Gauntlet | Found a transporter.
 16125 | Gauntlet | Found a transporter.
 16125 | Gauntlet | Found a transporter.
 16129 | Gauntlet | Found a transporter.
 16129 | Gauntlet | Found a transporter.
 16136 | Gauntlet | Found a transporter.
 16168 | Gauntlet | Noticed a reaper
 16176 | Gauntlet | Found a transporter.
 16194 | Gauntlet | Found a transporter.
 16194 | Gauntlet | Found a transporter.
 16198 | Gauntlet | Found a transporter.
 16198 | Gauntlet | Found a transporter.
 16320 | Gauntlet | Got the Collected Works on the Virous Glacier
 16321 | Gauntlet | Identified the +0 scale mail of Wrong Decisions {rC+}
 16447 | Gauntlet | Gained mutation: You evolve. [potion of mutation]
 16447 | Gauntlet | Gained mutation: You are dopey. (Int -2) [potion of
                  | mutation]
 16447 | Gauntlet | Gained mutation: You occasionally shout uncontrollably at
                  | your foes. [potion of mutation]
 16447 | Gauntlet | Gained mutation: You have a somewhat thin skeletal
                  | structure. (Dex +2, Stealth+) [potion of mutation]
 16459 | Gauntlet | Gained mutation: You are weak. (Str -2) [a neqoxec]
 16546 | Gauntlet | Identified the ring "Laestok" {Fire *Corrode Str+6 Int+3
                  | SInv}
 16554 | Gauntlet | Lost mutation: You are weak. (Str -2) [potion of mutation]
 16554 | Gauntlet | Lost mutation: You are dopey. (Int -2) [potion of mutation]
 16594 | Gauntlet | Noticed a minotaur
 16615 | Gauntlet | Killed a minotaur
 16616 | Gauntlet | Reached skill level 5 in Evocations
 16735 | D:12     | Reached skill level 5 in Fighting
 16735 | D:12     | Reached skill level 14 in Dodging
 16786 | D:12     | Reached skill level 5 in Invocations
 16826 | D:12     | Reached skill level 5 in Spellcasting
 17014 | D:12     | Found a runed translucent gate.
 17014 | D:12     | Found a runed translucent gate.
 17015 | D:12     | Found a runed translucent gate.
 17016 | D:12     | Found an opulent altar of Gozag.
 17130 | D:12     | Noticed Name63's ghost (journeyman FoBr)
 17130 | D:12     | Noticed a war gargoyle
 17172 | D:13     | Noticed a centaur warrior
 17176 | D:13     | Killed a centaur warrior
 17228 | D:13     | Noticed a centaur warrior
 17233 | D:13     | Killed a centaur warrior
 17234 | D:13     | Reached XP level 14. HP: 73/78 MP: 21/21
 17382 | D:13     | Found a gate to the Vaults.
 17595 | D:13     | Received a gift from Okawaru
 17627 | D:13     | Reached skill level 15 in Dodging
 18220 | Lair:3   | Found a staircase to the Shoals.
 19108 | Lair:4   | Gained mutation: Your muscles are strong. (Str +2)
                  | [evolution]
 19375 | Lair:4   | Received a gift from Okawaru
 20546 | Lair:5   | Received a gift from Okawaru
 20952 | Lair:6   | Entered Level 6 of the Lair of Beasts
 21180 | Lair:6   | Reached XP level 15. HP: 84/84 MP: 23/23
 21205 | Lair:6   | Reached skill level 15 in Crossbows
 21671 | Lair:6   | Reached ****** piety under Okawaru
 21671 | Lair:6   | Received a gift from Okawaru
 21903 | Lair:6   | Identified the +1 robe "Piseilok" {Rampage Fly rF- Stlth+}
 21914 | Lair:6   | Reached skill level 16 in Dodging
 22081 | Lair:6   | Found a staircase to the Slime Pits.
 22274 | Lair:6   | Got the Guide on Moulding and Enchantment
 22320 | Lair:6   | Received a gift from Okawaru
 22383 | Lair:6   | Received a gift from Okawaru
 22417 | Lair:6   | Found a corrupted altar of Lugonu.
 22420 | Lair:6   | Found a one-way gate to the infinite horrors of the Abyss.
 22601 | Lair:6   | Received a gift from Okawaru
 22838 | Lair:6   | Received a gift from Okawaru
 22840 | Lair:6   | Gained mutation: You have an increased reservoir of magic.
                  | (+10% MP) [evolution]
 23323 | Orc:1    | Entered Level 1 of the Orcish Mines
 23359 | Orc:1    | Reached skill level 17 in Dodging
 23479 | Orc:1    | Received a gift from Okawaru
 23484 | Orc:1    | Noticed an orc warlord
 23495 | Orc:1    | Killed an orc warlord
 23918 | Orc:2    | Entered Level 2 of the Orcish Mines
 23951 | Orc:2    | Reached XP level 16. HP: 75/88 MP: 25/27
 24180 | Orc:2    | Received a gift from Okawaru
 24223 | Orc:2    | HP: 4/88 [orc knight (5)]
 24343 | Orc:2    | Received a gift from Okawaru
 24449 | Orc:2    | Found a staircase to the Elven Halls.
 24480 | Orc:2    | Found a bloodstained altar of Trog.
 24730 | Orc:2    | Received a gift from Okawaru
 24962 | Orc:2    | Received a gift from Okawaru
 24983 | Orc:2    | Gained mutation: You rapidly evolve. [a neqoxec]
 24986 | Orc:2    | Gained mutation: Your muscles are very strong. (Str +4) [a
                  | neqoxec]
 25133 | Orc:2    | Found Suarunum's Weapon Shop.
 25134 | Orc:2    | Found Ymorong's Weapon Boutique.
 25135 | Orc:2    | Found Hewus's Antique Armour Shop.
 25135 | Orc:2    | Found Cigiyneca's Armour Shop.
 25138 | Orc:2    | Bought a glowing helmet for 255 gold pieces
 25537 | Spider:1 | Entered Level 1 of the Spider Nest
 25620 | Spider:1 | Reached skill level 18 in Dodging
 25772 | Spider:1 | Gained mutation: Your mind is acute. (Int +2) [evolution]
 26449 | Spider:2 | Noticed Arachne
 26457 | Spider:2 | Killed Arachne
 26545 | Spider:2 | Identified the +5 short sword of Equivalence {vorpal,
                  | +Blink rN+ rCorr}
 26640 | Spider:2 | Identified the +14 crystal plate armour "Jomopt" {rElec rF+
                  | rC+ Will-} (Okawaru gifted it to you on level 2 of the
                  | Spider Nest)
 26640 | Spider:2 | Received a gift from Okawaru
 26648 | Spider:2 | Reached skill level 19 in Dodging
 27477 | Spider:3 | Reached XP level 17. HP: 93/93 MP: 28/28
 27987 | Spider:4 | Entered Level 4 of the Spider Nest
 28332 | Spider:4 | Reached skill level 20 in Dodging
 29050 | Spider:4 | Received a gift from Okawaru
 29165 | Spider:4 | Reached skill level 21 in Dodging
 29230 | Spider:4 | Received a gift from Okawaru
 29268 | Spider:4 | Received a gift from Okawaru
 29530 | Spider:4 | Reached skill level 22 in Dodging
 29713 | Spider:4 | Gained mutation: You have sharp fingernails. [evolution]
 29869 | Spider:4 | Got a gossamer rune of Zot
 30232 | D:14     | Noticed Rupert
 30366 | D:14     | Killed Rupert
 30367 | D:14     | Reached XP level 18. HP: 70/98 MP: 29/29
 30493 | D:14     | Noticed Kirke
 30512 | D:14     | Killed Kirke
 31636 | Slime:1  | Entered Level 1 of the Pits of Slime
 31651 | Slime:1  | Gained mutation: Your body sometimes deteriorates upon
                  | taking damage. [a shining eye]
 31654 | Lair:6   | Gained mutation: Potions are less effective at restoring
                  | your health. [a shining eye]
 32048 | Shoals:1 | Entered Level 1 of the Shoals
 32156 | Shoals:1 | Received a gift from Okawaru
 32848 | Shoals:1 | Noticed Frances
 32859 | Shoals:1 | Killed Frances
 32859 | Shoals:1 | Received a gift from Okawaru
 33701 | Shoals:2 | Gained mutation: You passively map a small area around you.
                  | [evolution]
 33848 | Shoals:2 | Found a glowing golden altar of the Shining One.
 34087 | Shoals:3 | Received a gift from Okawaru
 34129 | Shoals:3 | Noticed Jorgrun
 34188 | Shoals:3 | HP: 5/101 [Jorgrun (6)]
 34189 | Shoals:3 | Constricted to death by Jorgrun

Illustrated notes

Levels and vault maps discovered:
D:1:      dpeg_arrival_snail, layout_basic, hellmonk_ecumenical_altar_lost_god
D:2:      layout_basic
D:3:      layout_loops_ring, general_overflow_altar,
          chequers_serial_rivers_room_a
D:4:      lemuel_castle_with_subvaults [lemuel_castle_interior_carwin_1],
          layout_basic, grunt_temple_overflow_bloody_war,
          grunt_gozag_breadcrumbs, mainiacjoe_overflow_alcove_1,
          hex_intersection, minmay_misc_feat_pillars
D:5:      layout_basic, wad_floor_pattern_untrapped, uniq_ijyb, uniq_sigmund
D:6:      kennysheep_steamy, layout_loops_corners, minmay_temple_entry_junction,
          ebering_ghost_sewer_f, grunt_ministairs_9
D:7:      cheibrodos_grave_circle, layout_gridville, old_standard_altar
D:8:      layout_loops_ring, nicolae_dithmenos_shadow_blocks
D:9:      layout_loops_ring, erik_lair_orcish_takeover, serial_rivers,
          chequers_serial_rivers_large_a, chequers_serial_rivers_micro_c,
          chequers_serial_rivers_micro_b, chequers_serial_rivers_large_b,
          chequers_serial_rivers_micro_d, chequers_serial_rivers_micro_e
D:10:     layout_basic, worldfamousw_hep_ancestral_shrine, zin_scriptorium,
          orc_0_dummy, enter_trove_1, uniq_fannar
D:11:     layout_basic
D:12:     layout_basic, ebering_ghost_gozag, gauntlet_entry_generic
D:13:     layout_rooms, hangedman_vaults_entry_quadrant_bands
D:14:     layout_basic, hangedman_decor_peaks_small, eino_jars, uniq_kirke,
          uniq_rupert
Temple:   nicolae_temple_god_jail
Lair:1:   layout_gridlike
Lair:2:   layout_gridlike, dummy_spider_entry, infiniplex_staircase_pool_2,
          grunt_megastairs_3
Lair:3:   layout_cave_pods, minmay_shoals_entry_lonely_mermaid,
          serial_bayou_pond_a, grunt_forest_small_clearings, beast_lair_carwin_5
Lair:4:   layout_regular_city, grunt_megastairs_1
Lair:5:   wander_river, layout_concentric_octagons,
          cheibrodos_lair_caveside_slide
Lair:6:   hellmonk_lair_end_abyssal_woods, layout_regular_city,
          minmay_slime_entry_oklob_enclosed, bobbens_dragon_lair_wall
Shoals:1: layout_shoals, uniq_frances
Shoals:2: layout_shoals, nicolae_shoals_lost_giant_pillars,
          wheals_shoals_ruined_temple
Shoals:3: layout_shoals, gammafunk_ghost_grave, uniq_jorgrun
Spider:1: layout_spider_delve
Spider:2: layout_spider_delve, nicolae_spider_not_touching_you, uniq_arachne
Spider:3: layout_spider_delve
Spider:4: grunt_spider_rune_island
Slime:1:  layout_caves
Orc:1:    layout_diamond_mine, basic_altar, portal_ice_cave_demonic_guard,
          lemuel_statue_altar, nicolae_orc_tapped_out
Orc:2:    st_orc_pillars, layout_diamond_mine, basic_altar, minmay_orc_temple_b

Skill      XL: |  1  2  3  4  5  6  7  8  9 10 11 12 13 14 15 16 17 18 |
---------------+-------------------------------------------------------+-----
Crossbows      | 5 6 7 9 10 11 13 14 16 18 | 18.0
Stealth        | 2 3 4 5 6 8 |  8.4
Dodging        | 3 4 6 8 10 11 12 13 14 15 17 19 22 | 22.3
Armour         | 1 2 |  2.0
Fighting       | 3 5 6 7 |  7.0
Invocations    | 1 2 3 5 6 7 |  7.5
Evocations     | 1 2 3 5 6 7 |  7.8
Short Blades   | 6 8 10 | 10.0
Spellcasting   | 2 3 5 6 7 |  7.0
Hexes          | 2 3 4 5 6 7 |  7.0
Translocations | 2 3 4 5 6 7 |  7.0
Shields        | 2 4 5 |  5.0

Action                   |  1- 3 |  4- 6 |  7- 9 | 10-12 | 13-15 | 16-18 || total
-------------------------+-------+-------+-------+-------+-------+-------++-------
Melee: Whip              |       |     2 |     7 |       |       |       ||     9
       Spear             |       |       |   198 |       |       |       ||   198
       Hand crossbow     |       |       |       |     1 |       |       ||     1
       Arbalest          |       |       |       |       |     1 |       ||     1
       Unarmed           |       |       |       |       |       |    13 ||    13
 Fire: Hand crossbow     |    70 |    62 |   151 |   547 |       |       ||   830
       Arbalest          |       |       |       |   121 |   977 |  1138 ||  2236
 Cast: Portal Projectile |       |       |       |     3 |     5 |       ||     8
Invok: Heroism           |       |       |     5 |     3 |    26 |    29 ||    63
       Finesse           |       |       |       |     2 |     6 |     3 ||    11
Evoke: Wand              |       |       |     1 |    12 |     3 |    14 ||    30
  Use: Scroll            |     6 |     1 |     5 |    12 |    12 |     9 ||    45
       Potion            |     4 |     1 |    10 |     6 |     6 |     8 ||    35
 Stab: Sleeping          |       |       |     6 |       |       |       ||     6
       Distracted        |       |       |     2 |       |       |       ||     2
       Invisible         |       |       |     1 |       |       |       ||     1
Armor: Leather armour    |     6 |     1 |    38 |    57 |       |       ||   102
       Skin              |       |       |       |    11 |       |       ||    11
       Steam dragon scal |       |       |       |    54 |   146 |   259 ||   459
Dodge: Dodged            |    19 |    17 |   189 |   437 |   913 |  1619 ||  3194
Block: Buckler           |       |       |       |    36 |       |       ||    36
